Cogmind - Beta 15 @@@ ROGUE MODE // 2025.06.06 @ 16:15:10 Player: irisidem Result: Destroyed by Autobeam Turret with Autobeam Performance ------------- Evolutions (0) 0 Regions Visited (3) 600 Robots Destroyed (24) 120 Value Destroyed (590) 590 Prototype IDs (1) 20 Alien Tech Used (0) 0 Bonus (16) 16 TOTAL SCORE: 1346 Bonus ------- Follower Combat Kills 40 Friendly Fire -24 Cogmind --------- Core Integrity 0/250 Matter 188/300 Energy 121/125 System Corruption 0% Temperature Cool (14) Movement Walking (120) Location -10/Subcaves Parts ------- > --- POWER (1) -------- Light Ion Engine > --- PROPULSION (2) --- Aluminum Leg Aluminum Leg > --- UTILITY (2) ------ Small Storage Unit V3-11A's Pendant > --- WEAPON (2) ------- Battle Cannon Subdweller Shrapnel Launcher > --- INVENTORY (8) ---- Light Nuclear Core Compact Wheel Scrap Suit Disposable Heat Sink Battle Rifle Mining Laser Peak State ------------ > --- POWER ------------ Light Ion Engine > --- PROPULSION ------- Aluminum Leg Aluminum Leg > --- UTILITY ---------- Small Storage Unit V3-11A's Pendant > --- WEAPON ----------- Battle Cannon Subdweller Shrapnel Launcher > --- INVENTORY -------- Light Nuclear Core Compact Wheel Scrap Suit Disposable Heat Sink Light Cannon Mining Laser [Rating: 12] Favorites ----------- Power Light Ion Engine Engine Light Ion Engine Propulsion Aluminum Leg Leg Aluminum Leg Wheel Compact Wheel Utility Small Storage Unit Device Improved Heat Sink Storage Small Storage Unit Weapon Subdweller Shrapnel Launcher Energy Gun Small Laser Ballistic Gun Light Assault Rifle Ballistic Cannon Battle Cannon Launcher Subdweller Shrapnel Launcher Special Weapon Mining Laser Build | -11 -10 -10 -10 ------- Run | Yrd Mat Min Sub Slots Evolved . | . . . . Power . | . . . . Propulsion . | . . . . Utility . | . . . . Weapon . | . . . . Parts Attached 28 | 4 7 9 8 Power 5 | 1 1 3 . Engine 5 | 1 1 3 . Core . | . . . . Reactor . | . . . . Propulsion 9 | 2 2 3 2 Treads . | . . . . Leg 7 | 2 2 1 2 Wheel 2 | . . 2 . Hover . | . . . . Flight . | . . . . Utility 4 | 1 1 . 2 Device 3 | . 1 . 2 Storage 1 | 1 . . . Processor . | . . . . Hackware . | . . . . Protection . | . . . . Artifact . | . . . . Weapon 10 | . 3 3 4 Energy Gun 2 | . 2 . . Energy Cannon . | . . . . Ballistic Gun 1 | . 1 . . Ballistic Cannon 3 | . . 1 2 Launcher 2 | . . 1 1 Special Weapon 2 | . . 1 1 Impact Weapon . | . . . . Slashing Weapon . | . . . . Piercing Weapon . | . . . . Special Melee Weapon . | . . . . Unidentified Prototypes 1 | . . . 1 Parts Lost 9 | . 3 5 1 Power 3 | . 1 2 . Propulsion 4 | . 1 2 1 Utility . | . . . . Weapon 2 | . 1 1 . Highest Loss Streak 4 | . 3 4 1 To Critical Strikes . | . . . . Average Backups 5 | 3 3 6 6 Power 1 | . . 1 1 Propulsion . | . . . 1 Utility . | . . . 1 Weapon 3 | 2 1 4 2 Tool/Special . | . . . . Unused Backups 9 | . 1 2 6 Power 3 | . . . 3 Propulsion 1 | . 1 . . Utility 1 | . . . 1 Weapon 4 | . . 2 2 Tool/Special . | . . . . Average Slot Usage (%) 89 | . 85 87 91 Engine 13 | . 12 13 14 Leg 11 | . 28 12 5 Wheel 15 | . . 9 22 Device 7 | . 6 9 5 Storage 14 | . 14 14 14 Energy Gun 2 | . 14 . . Ballistic Gun 2 | . 8 2 . Ballistic Cannon 9 | . . 12 10 Launcher 10 | . . 11 12 Special Weapon 2 | . . . 4 Peak Build Rating 12 | 4 9 10 12 Average Rating 8 | 3 6 8 9 On Entrance 5 | . 4 9 8 Naked Turns . | . . . . Heaviest Build 20 | 10 13 16 20 Greatest Support 32 | 20 20 32 32 Greatest Overweight (x) 1 | 1 . 1 . Average Overweight (x) . | . . . . Largest Inventory Capacity 8 | 8 8 8 8 Average Capacity 7 | 7 8 8 8 Most Carried 8 | 4 7 8 8 Average Carried 6 | 3 3 6 7 Final Capacity 8 | 8 8 8 8 Final Carried 8 | 4 7 8 7 Class Distribution -------------------- 89% | Mutant 10% | Scavenger-Mutant Dominant Class ---------------- Mutant | -10/Materials Mutant | -10/Mines Mutant | -10/Subcaves Resources | -11 -10 -10 -10 ----------- Run | Yrd Mat Min Sub Matter Collected 671 | 214 119 125 213 Remotely . | . . . . Salvage Created 481 | . 285 31 165 Parts 45 | . 15 9 21 Haulers Intercepted . | . . . . Recyclers Shooed . | . . . . Parts Field Recycled . | . . . . Retrieved Matter . | . . . . Parts Self-Destructed 9 | . . . 9 Prevented . | . . . . Kills | -11 -10 -10 -10 ------- Run | Yrd Mat Min Sub Combat Hostiles Destroyed 24 | . 9 6 9 Guns 9 | . 7 2 . Cannons 4 | . . 1 3 AOE 9 | . . 3 6 Classes Destroyed 4 | . 2 . 2 Swarmer 12 | . 3 6 3 Grunt 6 | . 6 . . Artisan 1 | . . . 1 Subdweller 6 | . . . 6 Best Kill Streak 4 | . 4 3 3 Combat Bots Only 4 | . 4 3 3 Max Kills in Single Turn 2 | . 1 2 2 Gunslinging . | . . . . Exploded 2 | . . 2 2 Melee . | . . . . Uniques/NPCs Destroyed . | . . . . Combat | -11 -10 -10 -10 -------- Run | Yrd Mat Min Sub Hostile Shots Fired 147 | . 63 52 32 Missed 30 | . 10 7 13 Hits 117 | . 53 45 19 Projectile 117 | . 53 45 19 Damage Taken 1328 | . 608 406 314 Core 252 | . 114 46 92 Absorbed by Shields . | . . . . Core Remaining (%) 100 | 100 . . . Volleys Fired 103 | . 47 19 37 Largest 2 | . 2 2 2 Hottest 120 | . 90 120 100 Shots Fired 151 | . 82 24 45 Gun 99 | . 82 17 . Cannon 13 | . . 3 10 Launcher 12 | . . 2 10 Special 27 | . . 2 25 Kinetic 56 | . 22 19 15 Thermal 88 | . 60 3 25 Explosive 7 | . . 2 5 Electromagnetic . | . . . . Robot Hit Streak 8 | . 8 4 5 Robot Miss Streak 3 | . 3 3 3 Penetration Max . | . . . . Secondary Targets 2 | . 2 . . Max Gunslinging Chain 1 | . 1 . . Shots Hit Robots 78 | . 55 13 10 Core Hits 42 | . 20 6 16 Critical Kills . | . . . . Critical Parts Destroyed . | . . . . Critical Strikes 5 | . 4 . 1 Burn 4 | . 4 . . Blast 1 | . . . 1 Melee Attacks . | . . . . Impact . | . . . . Slashing . | . . . . Piercing . | . . . . Sneak Attacks . | . . . . Combat Hostiles . | . . . . Follow-up Attacks . | . . . . Damage Inflicted 1733 | . 622 370 741 Guns 681 | . 610 71 . Cannons 133 | . . 15 118 Explosions 883 | . . 260 623 Melee . | . . . . Ramming 12 | . 12 . . Kinetic 661 | . 129 86 446 Thermal 505 | . 481 24 . Explosive 555 | . . 260 295 Electromagnetic . | . . . . Impact . | . . . . Slashing . | . . . . Piercing . | . . . . Highest Corruption . | . . . . Average Corruption . | . . . . Corruption Purged . | . . . . Corruption Blocked . | . . . . Overload Shots . | . . . . Overflow Damage 59 | . . 44 15 Projectiles 13 | . . 13 . Explosions 46 | . . 31 15 Melee . | . . . . Knockbacks . | . . . . Impact . | . . . . Kinetic . | . . . . Secondary . | . . . . Self-Inflicted Damage 136 | . . 53 83 Shots 4 | . . 2 2 Rammed . | . . . . Targets Rammed 6 | . 6 . . Kicked 6 | . 6 . . Crushed . | . . . . Highest Temperature 389 | . 389 . 2 Average Temperature 158 | . 159 . 2 Received Heat Transfer 378 | . 294 . 84 Effects 3 | . 3 . . Shutdowns 1 | . 1 . . Interference 1 | . 1 . . Short Circuit 1 | . 1 . . Siege Activations . | . . . . Martial Activations . | . . . . Shielding Activations . | . . . . Robots Disrupted . | . . . . Combat Hostiles . | . . . . Robots Corrupted . | . . . . Combat Hostiles . | . . . . Parts Fried . | . . . . Impact Corruptions . | . . . . Robots Melted 2 | . 2 . . Combat Hostiles 2 | . 2 . . Parts Melted 4 | . 4 . . Heat Transferred 1576 | . 1526 50 . Parts Sabotaged . | . . . . Parts Stolen . | . . . . Parts Stripped . | . . . . Power Chain Reactions . | . . . . Alert | -11 -10 -10 -10 ------- Run | Yrd Mat Min Sub Maximum Alert Level . | . . . . Low Security (%) 100 | 100 100 100 . Level 1 . | . . . . Level 2 . | . . . . Level 3 . | . . . . Level 4 . | . . . . Level 5 . | . . . . High Security . | . . . . Max Security . | . . . . Peak Influence 125 | . 125 86 . Initial 25 | . . 25 . Average 20 | . 52 13 . Influence Increases 556 | . 235 157 164 Destroy 0b10 Robot/C 400 | . 180 120 100 Destroy Leader 60 | . 40 20 . Allied During Kill 4 | . . . 4 Destroy Structure 17 | . . 17 . Lose Combat Pursuer 75 | . 15 . 60 Influence Decreases 439 | . 170 222 47 Entered New Map 40 | . . 40 . Time Decay 300 | . 140 146 14 Lost Part 66 | . 30 36 . Lost Ally 33 | . . . 33 Squads Dispatched 2 | . 2 . . Investigation 1 | . 1 . . Extermination . | . . . . Reinforcement 1 | . 1 . . Assault . | . . . . Garrison . | . . . . Intercept . | . . . . Searches Triggered . | . . . . Construction Impeded . | . . . . Haulers Reinforced . | . . . . Active Scanning Responses . | . . . . Cargo Convoy Interrupts . | . . . . Stealth | -11 -10 -10 -10 --------- Run | Yrd Mat Min Sub Distress Signals 2 | . 2 . . Communications Jammed . | . . . . Distress Signals . | . . . . Times Spotted 41 | . 20 6 15 Peak Tracking Total 6 | . 4 3 6 Tactical Retreats 2 | . 1 . 1 Traps | -11 -10 -10 -10 ------- Run | Yrd Mat Min Sub Traps Triggered 1 | . 1 . . Indirectly . | . . . . Trap Hack Attempts . | . . . . Triggered . | . . . . Disarmed . | . . . . Reprogrammed . | . . . . Reused . | . . . . Traps Extracted . | . . . . Installed . | . . . . Triggered . | . . . . Machines | -11 -10 -10 -10 ---------- Run | Yrd Mat Min Sub Machines Disabled . | . . . . Max in Single Turn . | . . . . Machines Repaired . | . . . . Machines Dismantled . | . . . . Machines Sabotaged . | . . . . Overloaded Fab Kills . | . . . . Hacking | -11 -10 -10 -10 --------- Run | Yrd Mat Min Sub Machines Accessed 2 | . 1 . 1 Terminals 1 | . 1 . . Fabricators . | . . . . Repair Stations . | . . . . Recycling Units . | . . . . Scanalyzers . | . . . . Garrison Access . | . . . . Total Hacks 5 | . 1 . 4 Successful 5 | . 1 . 4 Failed . | . . . . Catastrophic . | . . . . Database Lockouts . | . . . . Manual 2 | . . . 2 Terminals 1 | . 1 . . Fabricators . | . . . . Repair Stations . | . . . . Recycling Units . | . . . . Scanalyzers . | . . . . Garrison Access . | . . . . Terminal Hacks 5 | . 1 . 4 Record 4 | . . . 4 Registered Components 1 | . 1 . . Fabricator Hacks . | . . . . Repair Station Hacks . | . . . . Recycling Unit Hacks . | . . . . Scanalyzer . | . . . . Garrison Access Hacks . | . . . . Unauthorized Hacks . | . . . . Terminals . | . . . . Fabricators . | . . . . Repair Stations . | . . . . Recycling Units . | . . . . Scanalyzers . | . . . . Garrison Access . | . . . . Data Cores Recovered . | . . . . Used . | . . . . Hacking Detections . | . . . . Full Trace Events . | . . . . Feedback Events . | . . . . Feedback Blocked . | . . . . Robot Schematics Acquired . | . . . . Robots Built . | . . . . Authchips . | . . . . Time . | . . . . Total Robot Build Rating . | . . . . Part Schematics Acquired . | . . . . Parts Built . | . . . . Authchips . | . . . . Time . | . . . . Total Part Build Rating . | . . . . Parts Repaired . | . . . . Time . | . . . . Parts Recycled . | . . . . Recycled Matter . | . . . . Retrieved Matter . | . . . . Retrieved Components . | . . . . Parts Scanalyzed . | . . . . Part Schematics Acquired . | . . . . Parts Damaged . | . . . . Bothacking | -11 -10 -10 -10 ------------ Run | Yrd Mat Min Sub Used RIF Installer . | . . . . Robots Hacked . | . . . . Non-combat . | . . . . Combat . | . . . . Robot Hacks Applied . | . . . . Relay Couplers Released . | . . . . Fabnet Peak Effective % . | . . . . Robots Rewired . | . . . . Allies Hacked . | . . . . Hacks Repelled . | . . . . Allies | -11 -10 -10 -10 -------- Run | Yrd Mat Min Sub Total Allies 5 | . . 3 2 Largest Group 3 | . . 3 3 Highest-Rated Group 40 | . . 40 40 Highest-Rated Ally 19 | . . 16 19 Total Orders . | . . . . Ally Attacks 12 | . . . 12 Total Damage 53 | . . . 53 Kills 2 | . . . 2 Allies Corrupted . | . . . . Allies Melted . | . . . . Intel | -11 -10 -10 -10 ------- Run | Yrd Mat Min Sub Active Infowar (turns) . | . . . . Robot Analysis Total . | . . . . Derelict Logs Recovered 4 | . . 3 1 Drone Launches . | . . . . Drone Recoveries . | . . . . Exploration | -11 -10 -10 -10 ------------- Run | Yrd Mat Min Sub Turns Passed 2849 | 391 393 703 1362 Spaces Moved 1893 | 124 187 462 1120 Core 16 | 16 . . . Treads . | . . . . Legs 701 | 108 187 238 168 Wheels 1176 | . . 224 952 Hover . | . . . . Flight . | . . . . Fastest Speed 50 | 50 120 100 100 Average Speed 111 | 111 120 130 103 Slowest Speed 190 | 120 120 190 120 Overloaded Moves . | . . . . Propulsion Burnouts . | . . . . Robots Hopped . | . . . . Potential Cave-ins . | . . . . Cave-ins Triggered . | . . . . Exploration Rate (%) 43 | 11 34 88 40 Regions Visited 3 Branch Regions 2 Pre-discovered Areas 2 | . . 1 1 Known Exits Taken 1 | . . 1 . Unknown Exits Taken 2 | 1 1 . . Scrap Searched 1 | . . 1 . Spaces Dug . | . . . . Terrain Destroyed 134 | . . 24 110 Melee . | . . . . Projectile 1 | . . 1 . AOE 133 | . . 23 110 Terrain Rammed . | . . . . Walls Destroyed . | . . . . Machines Disabled . | . . . . Actions | -11 -10 -10 -10 --------- Run | Yrd Mat Min Sub Total 2424 | 376 275 539 1234 Wait 333 | 241 15 33 44 Move 1890 | 123 186 461 1120 Hop . | . . . . Pick Up 38 | 8 11 10 9 Fast Attach . | . . . . Attach 20 | 4 6 6 4 Detach . | . . . . Swap 15 | . 2 4 9 Drop 16 | . 2 6 8 Fire 103 | . 47 19 37 Melee . | . . . . Ram . | . . . . Kick 6 | . 6 . . Crush . | . . . . Escape Stasis . | . . . . Rewire 3 | . . . 3 Trap . | . . . . Miscellaneous . | . . . . Route ------- -11/Scrapyard -10/Materials (discovered 2 exits: [*Mat] / [*Min]) -10/Mines (discovered 3 exits: [*Mat x2] / *Sub) -10/Subcaves History --------- Turn | Location | Event 8 | -11/Scrapyard | Discovered new exit (range 14) 392 | -11/Scrapyard | Entered Materials 393 | -10/Materials | Build established: Mutant 422 | -10/Materials | Discovered new exit (range 7) 597 | -10/Materials | Lost 3 parts (1p1n1w) 682 | -10/Materials | Discovered new exit (range 15) 785 | -10/Materials | Entered Mines 823 | -10/Mines | Core integrity fell below 50% 847 | -10/Mines | Lost 4 parts (2p1n1w) 902 | -10/Mines | Received a Rocket Launcher from a helpful Derelict 943 | -10/Mines | Learned location of Storage (-9) 943 | -10/Mines | Discovered new exit (range 15) 1009 | -10/Mines | Assisted by bots powering up and referring to "LRC-V3" 1230 | -10/Mines | Found DCF Scrap (13 items) 1257 | -10/Mines | Identified exit to Subcaves 1267 | -10/Mines | Discovered new exit (range 13) 1305 | -10/Mines | Found a Scrap Suit stashed away for nefarious purposes 1307 | -10/Mines | Found Scrap Suit 1488 | -10/Mines | Entered Subcaves 1488 | -10/Subcaves | Accompanied by 3 allies 1489 | -10/Subcaves | Approached by a straggling Scientist 1504 | -10/Subcaves | Shifting Twisted Machinery released Sub. Shrapnel Launcher 1506 | -10/Subcaves | Shifting Twisted Machinery released Shrapnel Trap 1525 | -10/Subcaves | Core integrity fell below 20% 1549 | -10/Subcaves | Lost 3 allies 1682 | -10/Subcaves | Visited Clippyterm 1694 | -10/Subcaves | Learned Factory garrison access intel 2697 | -10/Subcaves | Visited triangular shrine 2706 | -10/Subcaves | Found Prototype Device 2707 | -10/Subcaves | Identified V3-11A's Pendant 2712 | -10/Subcaves | Befriended Subdweller 2773 | -10/Subcaves | Shifting Twisted Machinery released Spk. Treads 2773 | -10/Subcaves | Shifting Twisted Machinery released Battle Rifle 2843 | -10/Subcaves | Approached by friendly Subdweller 2850 | -10/Subcaves | Destroyed by Autobeam Turret with Autobeam Last Messages --------------- you?" V3-11A: "It told me to wait here, so here I have waited for quite some time." Acquired Prototype Device. Identified V3-11A's Pendant. OG-1BY(c): "I think it's somewhere southeast of here" V3-11A: "The pendant says I should follow you." V3-11A: "The pendant has taught me much." V3-11A: "About the stars. About the molecules. About life." OG-1BY(c): "I think it's somewhere southeast of here" Spk. Treads falls loose from the Twisted Machinery. Battle Rifle falls loose from the Twisted Machinery. Dropped Lgt. Cannon. Acquired Battle Rifle. OG-1BY(c): "I think it's somewhere southeast of here" V3-11A: "I hear you, but what does it all mean?!" V3-11A destroyed. S-10 Pest destroyed. Flight Unit fries itself beyond repair. Lgt. Ion Engine fries itself beyond repair. Map ----- +----------------------------------------------------+ | ???????# #### ### ##??????????????????????## | | ???????# #???????????????????????# | | ????????# ###??????###########??????# | | ????????# ########## ## # ##????## | | ????? ## ## # ""#???## | | ?????? #?# " ####### #???# | | ???????? #?# "#?????# #??# | | ???????????# ## ##### ""#?##### ##?## | | ???????????## ###?### ##???#######"" #??## | | ????????????###??????####???????##""" ##???## | | ????????????????????????????????#""" ##?????## | | ?????????????????????###????????#""" ] ##???????? | | ?????????????????????# ???????## "" #????????? | | ?????????????????????# ???????# " #????????? | | ?????????????????????# "#??????# " #????????? | | ??????????????????????#" ####??## "" #????????? | | ?????????????????????## "##### ="" ##????????? | | ?????????????????????# ""## ""#?????????? | | ?????????????????????# "" ""#?????????? | | ?????????????????????# ## ##""#????????? | | ?????????????????????# c ######?###????????? | | ?????????????????????### ## ##?????????????????? | | ??????????????????????## ####??????????????????? | | ?????????????????????## R##?????????????????????? | | ?????????????????##### ########???????????????? | | ???????????????# % @%& ;#???????????????? | | ???????????????## ! % % t"????????? | | ????????????????# ## ????????? | | ???????????????# ?# t?????????? | | ???????????????## ??# #; ;;## ?????????? | | ????????????????####???## #; ; #??????????????? | | ????????????????????????## #? ;; #??????????????? | | ??????????????????????????# #??# ##??????????????? | | ??????????????????????????? ???##???????????????? | | ??????????????????????????? ????????????????????? | | ??????????????????????????? ????????????????????? | | ??????????????????????????? ???????????????????? | | ??????????????????????????? ???????????????????? | | ????????????????????????????##???????????????????? | | ?????????????????????????????????????????????????? | | ?????????????????????????????????????????????????? | | ?????????????????????????????????????????????????? | | ?????????????????????????????????????????????????? | | ?????????????????????????????????????????????????? | | ?????????????????????????????????????????????????? | | ?????????????????????????????????????????????????? | | ?????????????????????????????????????????????????? | | ?????????????????????????????????????????????????? | | ?????????????????????????????????????????????????? | | ?????????????????????????????????????????????????? | +----------------------------------------------------+ Best States ------------- Heat Dissipation 39 Coolant Potential 50 Energy Generation 10 Energy Capacity 250 Matter Stores 300 Matter Capacity 300 Sight Range 16 Terrain Scan Density 10 Evasion (%) 55 Item Schematics ----------------- None Robot Schematics ------------------ None Fabricated ------------ Nothing Repaired ---------- Nothing Alien Tech Used ----------------- None Achievements -------------- None Challenges ------------ None Game ------ Seed GravjetThermoelectricPlating Manual? 0 Play Time 00:24:37 Cumulative 21.3 hours Start 2025.06.06 @ 15:49:30 End 2025.06.06 @ 16:15:10 Sessions 1 Manual Loads 0 Difficulty Rogue Special Mode None Game No. 55 Rogue 46 Adventurer 9 Explorer 0 Win Type - Total 0 Types 0/0/0/0/0/0/0/0/0/0 Lore% 12 Gallery% 27 Achievement% 27 Wizard Run 0 Options --------- Layout 0 ASCII 0 Keyboard 0 Movement Numpad Keybinds 0 Fullscreen 1 Font 18/SmallcapsGlow Map View 76x50 Zoom Use 0% Tactical HUD 0 Map Filters NONE Filters NONE Steam 1 RUN: 8312aa54-f2ef-40a8-9a39-a09bf4d96271